 Dungeon Crawl Stone Soup version 0.30-a0-881-g1ff12e1e11 (webtiles) character file.

Game seed: 7761028063477463339

16718 cheesebisquit the Grappler (level 12, -5/115 HPs)
             Began as a Troll Fighter on Mar 15, 2023.
             Slain by an apocalypse crab (13 damage)
             ... on level 1 of the Abyss.
             The game lasted 00:49:32 (10645 turns).

cheesebisquit the Grappler (Troll Fighter)         Turns: 10645, Time: 00:49:32

Health: -5/115     AC:  8    Str: 31    XL:     12   Next: 12%
Magic:  11/11      EV: 15    Int:  4    God:
Gold:   179        SH: 14    Dex:  9    Spells: 11/11 levels left

rFire   . . .      SeeInvis +      - Unarmed
rCold   . . .      Faith    .    b - +0 kite shield
rNeg    . . .      Spirit   .    B - +0 troll leather armour
rPois   .          Reflect  +    x - +0 mask of the Dragon {Will+ Slay+3 SInv}
rElec   .          Rampage  .    c - +1 cloak {rCorr}
rCorr   +                        (gloves unavailable)
Will    +....                    (boots unavailable)
Stlth   +                        K - amulet of reflection
HPRegen 1.99/turn                F - +5 ring of evasion
MPRegen 0.12/turn                I - ring of resist corrosion

@: no status effects
A: large, unfitting armour, claws 3, regeneration 1, shaggy fur 1, tough skin 1
a: no special abilities


You were on level 1 of the Abyss.
You visited 2 branches of the dungeon, and saw 13 of its levels.
You visited the Abyss 1 time.

You collected 694 gold pieces.
You spent 515 gold pieces at shops.

Inventory:

Hand Weapons
 y - a +0 giant spiked club
Missiles
 C - 4 poisoned darts (quivered)
 G - 59 stones
 J - a throwing net
Armour
 b - a +0 kite shield (worn)
 c - a +1 cloak of preservation (worn)
 x - the +0 mask of the Dragon (worn) {Will+ Slay+3 SInv}
   (You bought it in a shop on level 11 of the Dungeon)

   Slay:      It affects your accuracy & damage with ranged weapons and melee
   (+3).
   SInv:      It lets you see invisible.
   Will:      It increases your willpower.
 B - a +0 troll leather armour (worn)
Jewellery
 F - a +5 ring of evasion (left claw)
 I - a ring of resist corrosion (right claw)
 K - an amulet of reflection (around neck)
Scrolls
 a - a scroll of brand weapon {unknown}
 d - a scroll of amnesia
 e - 5 scrolls of teleportation
 g - 3 scrolls of magic mapping {unknown}
 k - a scroll of butterflies {unknown}
 m - a scroll of enchant weapon {unknown}
 n - a scroll of blinking {unknown}
 A - 3 scrolls of fog
 D - a scroll of immolation {unknown}
 H - a scroll of poison {unknown}
Potions
 f - 3 potions of mutation
 h - 2 potions of lignification
 i - 8 potions of curing
 j - 3 potions of resistance
 l - 2 potions of flight
 o - a potion of invisibility {unknown}
 p - 2 potions of haste
 q - 3 potions of attraction
 r - 2 potions of magic
 s - 4 potions of brilliance
 t - a potion of ambrosia {unknown}
 u - 4 potions of cancellation
 v - 2 potions of heal wounds
 z - 2 potions of degeneration {unknown}
 E - a potion of might


   Skills:
 + Level 6.6 Fighting
 * Level 10.0 Throwing
 + Level 0.2 Armour
 + Level 6.7 Dodging
 + Level 7.3 Shields
 * Level 11.2 Unarmed Combat


You had 11 spell levels left.
You didn't know any spells.
Your spell library contained the following spells:

 Spells                   Type           Power      Damage    Failure   Level
 Apportation              Tloc           0%         N/A       78%         1
 Foxfire                  Conj/Fire      0%         2x1d4     78%         1
 Kiss of Death            Conj/Necr      0%         2d5       78%         1
 Necrotise                Necr           0%         1d4       78%         1
 Shock                    Conj/Air       0%         1d3       78%         1
 Summon Small Mammal      Summ           0%         N/A       78%         1
 Confusing Touch          Hex            0%         N/A       98%         3
 Dazzling Flash           Conj/Hex       0%         N/A       98%         3
 Swiftness                Air            0%         N/A       98%         3
 Airstrike                Air            0%         2d(0-16)  100%        4
 Dispel Undead            Necr           0%         3d6       100%        4
 Agony                    Necr           0%         N/A       100%        5
 Arcjolt                  Conj/Air       0%         1d10      100%        5
 Fireball                 Conj/Fire      0%         3d3       100%        5
 Silence                  Hex/Air        0%         N/A       100%        5
 Starburst                Conj/Fire      0%         6d3       100%        6
 Haunt                    Necr/Summ      0%         N/A       100%        7
 Necromutation            Tmut/Necr      0%         N/A       100%        8


Dungeon Overview and Level Annotations

Branches:
Dungeon (12/15)            Temple (1/1) D:7            Lair (0/5) D:11
    Orc (0/2) D:10

Altars:
Cheibriados
Dithmenos
Fedhas
Gozag
Hepliaklqana
Kikubaaqudgha
Makhleb
Okawaru
Qazlal
Ru
Sif Muna
Trog
Vehumet
Wu Jian
Xom
Yredelemnul
Zin
The Shining One

Shops:
D:10 [   D:11 [


Innate Abilities, Weirdness & Mutations

You are too large for most types of armour.
You have claws for hands.
Your natural rate of healing is unusually fast.
You are covered in fur. (AC +1)
You have tough skin. (AC +1)


Message History

Tentacles burst from the starspawn's body!
An apocalypse crab comes into view. 2 starspawn tentacles come into view.
The tentacled starspawn bites you!!
You block the tentacled starspawn's attack.
The starspawn tentacle closely misses you.
You mangle the tentacled starspawn!!
The tentacled starspawn is moderately damaged.
The tentacled starspawn bites you!
The tentacled starspawn tentacle-slaps you!
You mangle the tentacled starspawn!!
The tentacled starspawn is heavily damaged.
The starspawn tentacle closely misses you.
You block the tentacled starspawn's attack.
The tentacled starspawn closely misses you.
You scratch the tentacled starspawn but do no damage.
The tentacled starspawn is heavily damaged.
The starspawn tentacle grabs you. The starspawn tentacle constricts you.
The tentacled starspawn bites you!
You block the tentacled starspawn's attack.
You claw the tentacled starspawn!
The starspawn tentacle loses its grip on you.
The tentacled starspawn is severely damaged.
You block the starspawn tentacle's attack.
The tentacled starspawn bites you but does no damage.
The tentacled starspawn closely misses you.
The apocalypse crab closely misses you.
The apocalypse crab completely misses you.
You scratch the tentacled starspawn but do no damage.
The tentacled starspawn is heavily damaged.
A centaur warrior simulacrum comes into view.
You block the starspawn tentacle's attack.
The tentacled starspawn bites you!!
* * * LOW HITPOINT WARNING * * *
The tentacled starspawn tentacle-slaps you!
* * * LOW HITPOINT WARNING * * *
The apocalypse crab bites you!
* * * LOW HITPOINT WARNING * * *
The apocalypse crab freezes you!
You die...

#..### ##.# ##
......# #
##.###.# ##.
#.###.# #
#Z..##........
#....w...#.# .
..###/#.t#.#
.│#.@#.##
#.│.wX##..
#..##\#│. .#.#
.#. #.V##. # #
.#. #. .... ..
...#. .. .#.
.. ..


You could see a tentacled starspawn, an apocalypse crab, 2 starspawn tentacles
and a centaur warrior simulacrum (wandering).

Vanquished Creatures
  2 boulder beetles
  6 two-headed ogres
  An ugly thing (D:11)
  A cyclops (D:11)
  2 manticores (D:11)
  A gargoyle (D:12)
  An unseen horror (D:11)
  Maggie (D:8)
  An efreet (Abyss:1)
  3 trolls
  2 hornets
  3 shadows
  13 yaks
  2 wraiths (D:11)
  2 wyverns
  2 steam dragons
  2 vampire mosquitoes (D:11)
  5 acid dragons
  2 water moccasins (D:6)
  2 floating eyes (D:11)
  A sky beast (D:7)
  4 orc warriors
  2 ice beasts
  A black bear (D:6)
  4 centaurs
  4 ogres
  2 phantoms
  2 kobold brigands (D:9)
  4 bullfrogs
  A gnoll sergeant (D:11)
  8 scorpions
  A small abomination (Abyss:1)
  3 troll zombies (D:10)
  3 hounds
  3 jellies
  6 orc priests
  A quasit (Abyss:1)
  2 gnoll boudas (D:7)
  Crazy Yiuf (D:2)
  A sleepcap (D:6)
  5 iguanas
  Natasha (thrice) (D:3)
  8 orc wizards
  5 ogre zombies (D:10)
  Robin (D:3)
  16 gnolls
  7 adders
  2 white imps
  3 worms (D:3)
  3 dart slugs
  25 orcs
  11 ball pythons
  7 endoplasms
  11 goblins
  11 hobgoblins
  3 quokkas
  8 bats
  5 frilled lizards
  3 goblin skeletons (D:10)
  3 goblin zombies (D:10)
  2 hobgoblin zombies (D:10)
  11 kobolds
  4 orc skeletons (D:10)
  13 orc zombies (D:10)
  4 rats
282 creatures vanquished.

Notes
Turn   | Place    | Note
-------+----------+-------------------------------------------
     0 | D:1      | cheesebisquit the Troll Fighter began the quest for the
                  | Orb.
     0 | D:1      | Reached XP level 1. HP: 22/22 MP: 0/0
   360 | D:1      | Reached XP level 2. HP: 29/29 MP: 1/1
   655 | D:1      | Reached skill level 1 in Throwing
   986 | D:2      | Reached skill level 3 in Unarmed Combat
   986 | D:2      | Reached XP level 3. HP: 34/36 MP: 2/2
  1348 | D:2      | Found a runed translucent door.
  1349 | D:2      | Noticed Crazy Yiuf
  1450 | D:2      | Killed Crazy Yiuf
  1460 | D:2      | Identified the +7 hammer of Uzang {pain, rC+ Str+2 Int-5
                  | Dex+8}
  1528 | D:3      | Reached XP level 4. HP: 44/44 MP: 3/3
  1630 | D:3      | Found a glowing silver altar of Zin.
  1731 | D:3      | Noticed Natasha
  1736 | D:3      | Killed Natasha
  1747 | D:3      | Noticed Natasha
  1752 | D:3      | Killed Natasha
  1753 | D:3      | Reached XP level 5. HP: 50/50 MP: 4/4
  1825 | D:3      | Noticed Natasha
  1830 | D:3      | Killed Natasha
  1831 | D:3      | Reached skill level 4 in Unarmed Combat
  1940 | D:3      | Noticed Robin
  1955 | D:3      | Killed Robin
  2450 | D:4      | Reached XP level 6. HP: 30/51 MP: 5/5
  2786 | D:4      | Reached XP level 7. HP: 56/67 MP: 6/6
  2974 | D:4      | Reached skill level 5 in Unarmed Combat
  3188 | D:5      | Entered Level 5 of the Dungeon
  3551 | D:5      | You fall into a shaft and drop 1 floor!
  3638 | D:6      | Reached XP level 8. HP: 75/75 MP: 7/7
  3706 | D:6      | Reached skill level 5 in Throwing
  3706 | D:6      | Reached skill level 6 in Unarmed Combat
  3798 | D:6      | Found a basalt altar of Yredelemnul.
  4366 | D:5      | Found a burning altar of Makhleb.
  4368 | D:5      | Found an iron altar of Okawaru.
  4369 | D:5      | Found a stormy altar of Qazlal.
  4370 | D:5      | Found a blossoming altar of Fedhas.
  4698 | D:6      | Found a glowing golden altar of the Shining One.
  5017 | D:7      | Found a staircase to the Ecumenical Temple.
  5025 | D:7      | Reached XP level 9. HP: 78/84 MP: 8/8
  5026 | Temple   | Entered the Ecumenical Temple
  5270 | D:7      | Reached skill level 7 in Unarmed Combat
  6280 | D:8      | Reached skill level 5 in Shields
  6573 | D:8      | Noticed Maggie
  6584 | D:8      | Killed Maggie
  6796 | D:9      | Noticed a two-headed ogre
  6809 | D:9      | Killed a two-headed ogre
  6810 | D:9      | Reached skill level 8 in Unarmed Combat
  6838 | D:9      | Noticed a two-headed ogre
  6888 | D:8      | Reached skill level 5 in Dodging
  6888 | D:8      | Reached XP level 10. HP: 68/94 MP: 9/9
  6896 | D:8      | Reached skill level 5 in Fighting
  7531 | D:9      | Killed a two-headed ogre
  7532 | D:9      | Reached skill level 9 in Unarmed Combat
  7626 | D:10     | Entered Level 10 of the Dungeon
  8112 | D:10     | Found a staircase to the Orcish Mines.
  8217 | D:10     | Got Hocob's Quarto of Grisly Electricity
  8258 | D:10     | Found Qihag's Armour Shop.
  8266 | D:10     | Bought a +0 hat for 48 gold pieces
  8476 | D:10     | Reached XP level 11. HP: 105/105 MP: 10/10
  8545 | D:10     | Paralysed by a hornet for 1 turns
  8634 | D:11     | Found a staircase to the Lair.
  8669 | D:11     | Found Zuph's Armour Boutique.
  8678 | D:11     | Bought the +0 mask of the Dragon {Will+ Slay+3 SInv} for
                  | 467 gold pieces
  8678 | D:11     | Found the +0 mask of the Dragon {Will+ Slay+3 SInv}
  8710 | D:11     | Paralysed by a hornet for 1 turns
  8753 | D:11     | Noticed a two-headed ogre
  8753 | D:11     | Noticed a boulder beetle
  8754 | D:11     | Noticed a cyan ugly thing
  8774 | D:10     | Killed a two-headed ogre
  8887 | D:11     | Reached skill level 10 in Unarmed Combat
  8903 | D:11     | Noticed a two-headed ogre
  8904 | D:11     | Paralysed by a floating eye for 3 turns
  8916 | D:11     | Killed a two-headed ogre
  9098 | D:11     | Killed a cyan ugly thing
  9370 | D:11     | Noticed a two-headed ogre
  9377 | D:11     | Killed a two-headed ogre
  9837 | D:11     | Killed a boulder beetle
  9925 | D:11     | Found a staircase to the Lair.
 10181 | D:11     | Found Zuph's Armour Boutique.
 10466 | D:12     | Noticed a boulder beetle
 10474 | D:12     | Killed a boulder beetle
 10475 | D:12     | Reached skill level 11 in Unarmed Combat
 10475 | D:12     | Reached XP level 12. HP: 115/115 MP: 11/11
 10479 | D:12     | Noticed a two-headed ogre
 10494 | D:12     | Killed a two-headed ogre
 10557 | D:12     | Reached skill level 10 in Throwing
 10558 | Abyss:1  | Cast into level 1 of the Abyss (red devil)
 10569 | Abyss:1  | Found a corrupted altar of Lugonu.
 10636 | Abyss:1  | Noticed a tentacled starspawn
 10645 | Abyss:1  | Slain by an apocalypse crab

Illustrated notes

Levels and vault maps discovered:
D:1:      erik_arrival_orb_chamber, layout_loops_corners,
          amcnicky_mini_corridor_feature, minmay_heptomino_h4
D:2:      layout_rooms, minivault_11, grunt_decor_cap, uniq_crazy_yiuf_cottage
D:3:      layout_loops_ring, nicolae_overflow_hidden_temple,
          mainiacjoe_overflow_brackets, uniq_natasha, uniq_robin
D:4:      layout_loops_ring
D:5:      layout_basic, minitemple
D:6:      layout_cave_pools, tso_oasis_becter, mainiacjoe_overflow_24_doors
D:7:      layout_gridville, minmay_temple_entry_slanted
D:8:      layout_loops_ring, uniq_maggie
D:9:      layout_cave_pools
D:10:     old_forge, layout_cave_pools, zombieorc2_lemuel, serial_shops,
          nicolae_square_shop, corner_web_ring
D:11:     layout_stronghold, lair_entry_dummy, serial_shops, shop,
          onia_ninara_cookie
D:12:     layout_layer_cave, serial_shops, kennysheep_mini_moat,
          roderic_batcave, minmay_beelzebubs_servants
Temple:   minmay_temple_curvy_loop
Abyss:1:  base:
D:1

Skill      XL: |  1  2  3  4  5  6  7  8  9 10 11 12 |
---------------+-------------------------------------+-----
Throwing       | 1 2 3 4 5 7 8 9 10 | 10.0
Unarmed Combat | 3 4 5 6 8 9 11 | 11.2
Shields        | 3 4 5 6 7 |  7.3
Dodging        | 3 4 5 6 |  6.7
Fighting       | 3 4 5 6 |  6.6
Armour         | |  0.2

Action                     |  1- 3 |  4- 6 |  7- 9 | 10-12 || total
---------------------------+-------+-------+-------+-------++-------
  Melee: Unarmed           |    75 |   183 |   157 |   282 ||   697
  Throw: Stone             |       |    26 |     8 |     2 ||    36
         Boomerang         |       |       |   117 |   101 ||   218
         Dart              |       |       |     8 |    60 ||    68
         Throwing net      |       |       |     4 |       ||     4
         Large rock        |       |       |       |    37 ||    37
    Use: Potion            |     1 |       |     2 |     1 ||     4
         Scroll            |       |       |    11 |     6 ||    17
   Stab: Held in net/web   |       |       |       |     1 ||     1
 Armour: Robe              |    18 |    43 |    28 |       ||    89
         Steam dragon scal |       |       |     1 |    41 ||    42
         Troll leather arm |       |       |       |     4 ||     4
  Dodge: Dodged            |    15 |    37 |    62 |   156 ||   270
  Block: Kite shield       |    27 |    39 |    59 |   151 ||   276
         Reflection        |       |       |       |     1 ||     1

Table legend: (Time is in decaauts)
 A = Elapsed time spent in this place.
 B = Non-inter-level travel time spent in this place.
 C = Inter-level travel time spent in this place.
 D = Time resting spent in this place.
 E = Time spent auto-exploring this place.
 F = Levels seen in this place.
 G = Mean time per level.
                   A        B        C        D        E       F      G
               +--------+--------+--------+--------+--------+-----+--------+
         Total |  10644 |   9747 |    897 |    286 |   7366 |  14 |  760.3 |
       Dungeon |  10334 |   9460 |    874 |    286 |   7105 |  12 |  861.2 |
        Temple |    223 |    200 |     23 |      0 |    196 |   1 |  223.0 |
         Abyss |     85 |     85 |      0 |      0 |     65 |   1 |   85.0 |
               +--------+--------+--------+--------+--------+-----+--------+

Top non-repeatable levels by time:
    D:11: 1756 daAuts
     D:8: 1009 daAuts
     D:9: 985 daAuts
     D:1: 957 daAuts
     D:4: 956 daAuts
     D:5: 858 daAuts
     D:3: 854 daAuts
    D:10: 853 daAuts
     D:7: 758 daAuts
     D:6: 677 daAuts
     D:2: 572 daAuts
  Temple: 223 daAuts
    D:12: 94 daAuts
 Abyss:1: 85 daAuts
